 Dungeon Crawl Stone Soup version 0.25-a0-185-g6cfeca75b2 (webtiles) character file.

Game seed: 405847925229529570, levelgen mode: deterministic

45 sankara the Ruffian (level 3, -10/28 HPs)
             Began as a Minotaur Transmuter on Nov 27, 2019.
             Mangled by a gnoll
             ... wielding a +0 spear
              (11 damage)
             ... on level 2 of the Dungeon.
             The game lasted 00:04:08 (1327 turns).

sankara the Ruffian (Minotaur Transmuter)           Turns: 1327, Time: 00:04:09

Health: -10/28     AC:  2    Str: 14    XL:     3   Next: 42%
Magic:  3/4        EV: 12    Int: 11    God:
Gold:   16         SH:  0    Dex: 10    Spells: 1/4 levels left

rFire    . . .     SeeInvis .     - Unarmed
rCold    . . .     Gourm    .   (no shield)
rNeg     . . .     Faith    .   b - +0 robe
rPois    .         Spirit   .   (helmet restricted)
rElec    .         Reflect  .   (no cloak)
rCorr    +         Harm     .   (no gloves)
MR       .....                  (boots currently unavailable)
Stlth    +.........             (no amulet)
HPRegen  0.09/turn              h - ring of flight {+Fly, !d}
MPRegen  0.09/turn              n - ring of resist corrosion

@: appendage (expiring)
A: retaliatory headbutt, horns 2, talons 3
a: End Transformation, Evoke Flight


You were on level 2 of the Dungeon.
You were hungry.
You had grown temporary talons.
You visited 1 branch of the dungeon, and saw 2 of its levels.

You collected 16 gold pieces.

Inventory:

Hand Weapons
 f - a +0 short sword
   (You took it off a kobold on level 1 of the Dungeon)
 q - a +0 dagger
   (You took it off a kobold on level 2 of the Dungeon)
Missiles
 a - 51 arrows
 e - 27 bolts
 g - 75 stones (quivered)
 l - a throwing net {=f, !d}
 p - 13 poisoned darts
Armour
 b - a +0 robe (worn)
 r - a +0 leather armour
   (You found it on level 1 of the Dungeon)
Jewellery
 h - a ring of flight (left hand) {+Fly, !d}
   (You found it on level 1 of the Dungeon)
 n - a ring of resist corrosion (right hand)
   (You found it on level 1 of the Dungeon)
Scrolls
 i - 2 scrolls of identify {unknown}
 j - a scroll of enchant weapon {unknown}
 m - a scroll of remove curse {unknown}
Potions
 c - a potion of curing {unknown}
 k - 2 potions of resistance {unknown}
 o - a potion of mutation {unknown}
 s - a potion of heal wounds {unknown}
Comestibles
 d - 4 rations


   Skills:
 - Level 1.2 Fighting
 + Level 3.0 Dodging
 + Level 3.9 Unarmed Combat
 - Level 1.3 Spellcasting
 + Level 2.2 Transmutations


You had one spell level left.
You knew the following spells:

 Your Spells              Type           Power        Failure   Level  Hunger
a - Beastly Appendage     Tmut           #.....       12%         1    ##.....
b - Sticks to Snakes      Tmut           #.......     19%         2    ###....

Your spell library contained the following spells:

 Spells                   Type           Power        Failure   Level  Hunger
 Spider Form              Tmut/Pois      #.........   52%         3    ####...
 Ice Form                 Ice/Tmut       #.......     89%         4    #####..
 Blade Hands              Tmut           #.........   98%         5    ######.


Dungeon Overview and Level Annotations

Branches:
Dungeon (2/15)

Altars:


Innate Abilities, Weirdness & Mutations

You reflexively headbutt those who attack you in melee.
You have a pair of horns on your head.
You have claws for feet.


Message History

Found a stone staircase leading down. 2 gnolls come into view.
The gnoll shouts!
A gnoll comes into view. It is wielding a +0 spear.
Unknown command.
Casting: Beastly Appendage (safe; 14% risk of failure)
Confirm with . or Enter, or press ? or * to list all spells.
Your feet morph into talons.
Your transformation is almost over.
You hit the gnoll.
The gnoll is heavily wounded.
The gnoll hits you but does no damage.
You hit the gnoll. Your headbutt misses the gnoll.
The gnoll is almost dead.
The gnoll barely misses you.
You hit the gnoll. Your kick misses the gnoll.
The gnoll is almost dead.
The gnoll hits you!
You barely miss the gnoll.
The gnoll is almost dead.
The gnoll closely misses you.
You barely miss the gnoll. Your kick misses the gnoll.
Your headbutt misses the gnoll.
The gnoll is almost dead.
The gnoll hits you.
You hit the gnoll.
You kill the gnoll!
You have reached level 3!
Your experience leads to an increase in your attributes!
Increase (S)trength, (I)ntelligence, or (D)exterity?
You feel clever.
Your talons disappear.
There is a stone staircase leading up here.
You start resting.
Magic restored.
You are feeling hungry.
You start resting.
HP restored.
A rat comes into view.
Casting: Beastly Appendage (safe; 13% risk of failure)
Confirm with . or Enter, or press ? or * to list all spells.
Your feet morph into talons.
The rat bites you.
You hit the rat. You headbutt the rat.
You kill the rat!
There is an open door here.
Your transformation is almost over.
There is an open door here.
Magic restored.
A kobold comes into view. It is wielding a +0 dagger.
Your talons disappear.
The kobold shouts!
Casting: Beastly Appendage (safe; 13% risk of failure)
Confirm with . or Enter, or press ? or * to list all spells.
Your feet morph into talons.
The kobold hits you with a +0 dagger.
You hit the kobold. You claw the kobold.
You kill the kobold!
No target in view!
No target in view!
No target in view!
d - 4 rations (gained 1)
Things that are here:
a +0 dagger; a kobold corpse Unknown command.
q - a +0 dagger Your transformation is almost over.
s - a fuming inky potion The gnoll shouts!
You hear a shout!
A gnoll comes into view. It is wielding a +1 spear of freezing.
Your talons disappear.
Unknown command.
There is a stone staircase leading up here.
You start resting.
HP restored.
The gnoll closely misses you. You furiously retaliate!
You headbutt the gnoll!
There is a stone staircase leading up here.
Casting: Beastly Appendage (safe; 13% risk of failure)
Confirm with . or Enter, or press ? or * to list all spells.
Your feet morph into talons.
You hit the gnoll but do no damage.
The gnoll is heavily wounded.
The gnoll hits you with a cursed -1 mace.
You hit the gnoll. Your headbutt misses the gnoll.
The gnoll is almost dead.
The gnoll closely misses you. The gnoll barely misses you.
You closely miss the gnoll. You claw the gnoll.
You kill the gnoll!
Your Dodging skill increases to level 3!
Your transformation is almost over.
The gnoll hits you from afar with a +0 spear!
The gnoll hits you with a +0 spear!
* * * LOW HITPOINT WARNING * * *
Items here: ! $ ) † a cursed -1 mace; a fuming cyan potion; 15 gold pieces; a gnoll corpse You completely miss the gnoll.
The gnoll hits you but does no damage.
You hit the gnoll but do no damage. Your headbutt misses the gnoll.
The gnoll hits you with a +0 spear!
* * * LOW HITPOINT WARNING * * *
You closely miss the gnoll. The gnoll barely misses you.
You hit the gnoll but do no damage. The gnoll hits you with a +0 spear!
You die...

#.#......##.#
#.#......##.#
###.#......##.#
..#...........#
..#.##.######.######
..#........).......#
..'...>######.####.#
..#...#.# #.####.#
..###.#.# #.#<@g.#
..# #.#.#####.######
..# #.#g......#
#####.....#####
#........†...#
#.$..........#
#............#
.....g.......#
....##########


You could see a gnoll.

Vanquished Creatures
  2 gnolls (D:2)
  An ooze (D:1)
  2 leopard geckos (D:1)
  2 giant cockroaches (D:1)
  A goblin (D:1)
  A hobgoblin (D:1)
  2 jackals (D:1)
  2 bats (D:1)
  A frilled lizard (D:1)
  4 kobolds
  4 rats
22 creatures vanquished.

Notes
Turn   | Place    | Note
-------+----------+-------------------------------------------
     0 | D:1      | sankara the Minotaur Transmuter began the quest for the
                  | Orb.
     0 | D:1      | Reached XP level 1. HP: 16/16 MP: 1/1
   318 | D:1      | Reached XP level 2. HP: 22/23 MP: 0/3
   322 | D:1      | Learned a level 2 spell: Sticks to Snakes
   561 | D:1      | Reached skill level 2 in Transmutations
  1129 | D:2      | Reached XP level 3. HP: 17/28 MP: 2/4
  1322 | D:2      | Reached skill level 3 in Dodging
  1323 | D:2      | HP: 7/28 [gnoll/+0 spear (8)]
  1325 | D:2      | HP: 1/28 [gnoll/+0 spear (7)]
  1327 | D:2      | Mangled by a gnoll

Levels and vault maps discovered:
D:1:      minmay_arrival_statue_studded, layout_loops_ring
D:2:      layout_basic, first_ration

Skill      XL: |  1  2  3 |
---------------+----------+-----
Transmutations | 2 |  2.2
Dodging        | 3 |  3.0
Fighting       | |  1.2
Unarmed Combat | |  3.9
Spellcasting   | |  1.3

Action                   || total
-------------------------++-------
Melee: Unarmed           ||    65
       Kick              ||    10
       Headbutt          ||     6
 Cast: Beastly Appendage ||    19
  Eat: Chunk             ||     1
Armor: Robe              ||    14
Dodge: Dodged            ||    35

Table legend:
 A = Non-vault XP
 B = Vault XP
 C = Vault XP percentage of total XP
 D = Non-vault monster count
 E = Vault monster count
 F = Vault count percentage of total count
                 A         B        C        D         E       F
            +---------+---------+-------+---------+---------+-------
      Total |      65 |       0 |   0.0 |      22 |       0 |   0.0
            +---------+---------+-------+---------+---------+-------
        D:1 |      34 |       0 |   0.0 |      18 |       0 |   0.0
        D:2 |      31 |       0 |   0.0 |       4 |       0 |   0.0
            +---------+---------+-------+---------+---------+-------

Levels and vault maps discovered:
D:1:      minmay_arrival_statue_studded, layout_loops_ring
D:2:      layout_basic, first_ration

Table legend:
 A = Turns spent in this place as a percentage of turns spent in the entire game.
 B = Non-inter-level travel turns spent in this place as a percentage of non-inter-level travel turns spent in the entire game.
 C = Inter-level travel turns spent in this place as a percentage of turns spent in this place.
 D = Turns resting spent in this place as a percentage of non-inter-level travel turns spent in this place.
 E = Turns spent auto-exploring this place as a percentage of non-inter-level travel turns spent in this place.
 F = Non-inter-level travel turns spent in this place divided by the number of levels of this place that you've seen.
                   A       B       C       D       E      F
               +-------+-------+-------+-------+-------+----------------------
         Total | 100.0 | 100.0 |   0.5 |  34.7 |  46.9 | 660.5
       Dungeon | 100.0 | 100.0 |   0.5 |  34.7 |  46.9 | 660.5
               +-------+-------+-------+-------+-------+----------------------

Table legend:
 A = Kills in this place as a percentage of kills in entire the game.
 B = Kills by you in this place as a percentage of kills by you in the entire game.
 C = Kills by friends in this place as a percentage of kills by friends in the entire game.
 D = Other kills in this place as a percentage of other kills in the entire game.
 E = Experience gained in this place as a percentage of experience gained in the entire game.
 F = Experience gained in this place divided by the number of levels of this place that you have seen.
                   A       B       C       D       E      F
               +-------+-------+-------+-------+-------+----------------------
         Total | 100.0 | 100.0 |   N/A |   N/A | 100.0 |  32.5
       Dungeon | 100.0 | 100.0 |   N/A |   N/A | 100.0 |  32.5
               +-------+-------+-------+-------+-------+----------------------
